 Dungeon Sprint DCSS version 0.22-a0-274-gf8199ec (webtiles) character file.

1236 Kidiri the Nimble (level 8, -5/65 HPs)
             Began as a Demonspawn Gladiator on Mar 13, 2018.
             Was a Believer of Wu Jian.
             Slain by Snorg (27 damage)
             ... in the Dungeon (Sprint III: "The Ten Rune Challenge").
             The game lasted 00:05:25 (1119 turns).

Kidiri the Nimble (Demonspawn Gladiator)            Turns: 1119, Time: 00:05:25

Health: -5/65      AC:  5    Str: 16    XL:     8   Next: 24%
Magic:  8/8        EV: 24    Int:  9    God:    Wu Jian [**....]
Gold:   33         SH:  0    Dex: 18    Spells: 7/7 levels left

rFire    . . .     SeeInvis .   a - +0 long sword
rCold    . . .     Gourm    .   (no shield)
rNeg     . . .     Faith    .   b - +0 leather armour
rPois    .         Spirit   .   (helmet unavailable)
rElec    .         Reflect  .   (no cloak)
rCorr    .         Harm     .   (no gloves)
MR       .....     Rnd*Rage +   (no boots) Stlth +++++.....NoTele +
                                (no amulet)
HPRegen  0.20/turn              l - +6 ring of evasion
MPRegen  0.11/turn              (no ring)

@: no status effects
A: horns 3, thin skeletal structure 1, berserk 1, nightstalker 1, shaggy fur 1,
evolution 1
a: Wall Jump, Renounce Religion


You were in the Dungeon.
You worshipped Wu Jian.
Wu Jian was pleased with you.
You were not hungry.

You visited 1 branch You collected 33 gold pieces.

Inventory:

Hand Weapons
 a - a +0 long sword (weapon)
Missiles
 d - 2 throwing nets (quivered)
Armour
 b - a +0 leather armour (worn)
 c - a +0 helmet
Jewellery
 l - a +6 ring of evasion (left hand)
Wands
 m - a wand of flame (16)
Scrolls
 k - a scroll of blinking
 o - 2 scrolls of torment {unknown}
 p - a scroll of identify {unknown}
 q - 5 scrolls of remove curse
Potions
 e - a potion of curing
 g - 2 potions of heal wounds
 h - 3 potions of haste
 i - 2 potions of magic
 r - a potion of flight {unknown}
Comestibles
 f - 4 rations


   Skills:
 + Level 6.3 Fighting
 * Level 8.4 Long Blades
 + Level 5.8 Throwing
 * Level 7.9 Armour
 * Level 8.4 Dodging
 + Level 5.9 Stealth


You had 7 spell levels left.
You didn't know any spells.

Dungeon Overview and Level Annotations

Branches:
Dungeon (1/1)

Altars:
Cheibriados
Dithmenos
Elyvilon
Fedhas
Gozag
Hepliaklqana
Kikubaaqudgha
Makhleb
Nemelex Xobeh
Okawaru
Qazlal
Ru
Sif Muna
Trog
Uskayaw
Vehumet
Wu Jian
Xom
Yredelemnul
Zin
The Shining One
Beogh
Jiyva
Lugonu

Annotations:
D exclusion: door, Snorg


Innate Abilities, Weirdness & Mutations

You have a pair of large horns on your head.
You have a somewhat thin skeletal structure. (Dex +2, Stealth)
You are slightly more attuned to the shadows.
You tend to lose your temper in combat.
You are covered in fur. (AC +1)
You evolve.


Message History

Snorg is heavily wounded.
Snorg claws you. Snorg closely misses you. Snorg bites you! Snorg claws you.
Snorg barely misses you.
You spin and attack Snorg.
You barely miss Snorg.
Snorg is heavily wounded.
Snorg completely misses you.
You riposte.
You hit Snorg. You headbutt Snorg!
Snorg is heavily wounded.
Snorg completely misses you. Snorg barely misses you.
Unknown command.
You spin and attack Snorg.
You barely miss Snorg.
Snorg is heavily wounded.
Snorg goes berserk!
You repeatedly attack Snorg from above.
You slash Snorg! You headbutt Snorg!
Snorg is severely wounded.
You hit Snorg but do no damage. You headbutt Snorg!
Snorg is severely wounded.
Snorg misses you.
You riposte.
You completely miss Snorg.
Snorg is severely wounded.
Snorg claws you!! Snorg claws you. Snorg bites you!!
You die...

..#)..#__)#._#
..###+#+###+##
..#.......[..#
..'.⌠........#
..#...######'#
..#.⌠.#__#...#+#####
..#...#__#...#.§§§§+
..#+###__#...#.#§§§#
..#.).#__#...'.#@§§#
..#___#__+...#.#§T§#
▓▓▓▓▓▓▓▓▓▓▓▓▓▓▓▓▓▓▓▓


You could see Snorg (berserk).

Vanquished Creatures
  A deep elf mage (D)
  A shadow (D)
  A spatial vortex (D)
  A necrophage (D)
  A water elemental (D)
  A jelly (D)
  A wizard (D)
  A necromancer (D)
  A kobold demonologist (D)
  3 humans (D)
  An ooze (D)
  A phantom (D)
  3 rats (D)
17 creatures vanquished.

Vanquished Creatures (others)
  2 draconian scorchers (D)
  6 hellions (D)
  A yaktaur (D)
9 creatures vanquished.

Grand Total: 26 creatures vanquished

Notes
Turn   | Place    | Note
-------+----------+-------------------------------------------
     0 | D        | Kidiri the Demonspawn Gladiator began the quest for the Orb.
     0 | D        | Reached XP level 1. HP: 16/16 MP: 1/1
    16 | D        | Reached skill level 1 in Armour
    94 | D        | Killed a hellion
    96 | D        | Killed a hellion
    96 | D        | Killed a hellion
    96 | D        | Killed a hellion
   120 | D        | Killed a hellion
   147 | D        | Reached skill level 1 in Stealth
   147 | D        | Gained mutation: You have a pair of small horns on your head. [demonic ancestry]
   147 | D        | Reached XP level 2. HP: 23/23 MP: 2/2
   179 | D        | Killed a white draconian scorcher
   247 | D        | Reached XP level 3. HP: 21/28 MP: 3/3
   260 | D        | Gained mutation: Your body sometimes deteriorates upon taking damage. [potion of mutation]
   260 | D        | Gained mutation: You are covered in fur. (AC +1) [potion of mutation]
   260 | D        | Gained mutation: You are covered in thick fur. (AC +2) [potion of mutation]
   260 | D        | Gained mutation: You are robust. (+10% HP) [potion of mutation]
   261 | D        | Lost mutation: Your body sometimes deteriorates upon taking damage. [potion of mutation]
   261 | D        | Lost mutation: You are robust. (+10% HP) [potion of mutation]
   261 | D        | Lost mutation: You are covered in thick fur. (AC +2) [potion of mutation]
   261 | D        | Gained mutation: You possess an exceptional clarity of mind. [potion of mutation]
   261 | D        | Gained mutation: You are somewhat resistant to further mutation. [potion of mutation]
   262 | D        | Lost mutation: You possess an exceptional clarity of mind. [potion of mutation]
   262 | D        | Lost mutation: You are somewhat resistant to further mutation. [potion of mutation]
   262 | D        | Gained mutation: You tend to lose your temper in combat. [potion of mutation]
   262 | D        | Gained mutation: You evolve. [potion of mutation]
   271 | D        | Killed a white draconian scorcher
   276 | D        | Killed a yaktaur
   316 | D        | Noticed a water elemental
   330 | D        | Killed a water elemental
   330 | D        | Gained mutation: You are slightly more attuned to the shadows. [demonic ancestry]
   330 | D        | Reached XP level 4. HP: 14/35 MP: 4/4
   353 | D        | Killed a hellion
   508 | D        | Found a hide-covered altar of Uskayaw.
   508 | D        | Found a roughly hewn altar of Beogh.
   508 | D        | Found an iron altar of Okawaru.
   508 | D        | Found a bloodstained altar of Trog.
   508 | D        | Found an ornate altar of the Wu Jian Council.
   508 | D        | Noticed a human
   508 | D        | Noticed a human
   519 | D        | Killed a human
   519 | D        | Reached skill level 5 in Long Blades
   519 | D        | Reached skill level 5 in Dodging
   519 | D        | Gained mutation: You have a pair of horns on your head. [demonic ancestry]
   519 | D        | Reached XP level 5. HP: 18/42 MP: 5/5
   520 | D        | Killed a human
   520 | D        | Reached skill level 5 in Armour
   520 | D        | Gained mutation: You have a pair of large horns on your head. [demonic ancestry]
   520 | D        | Reached XP level 6. HP: 22/50 MP: 6/6
   546 | D        | Became a worshipper of the Wu Jian Council
   739 | D        | Found a radiant altar of Vehumet.
   740 | D        | Found a deep blue altar of Sif Muna.
   740 | D        | Found an ancient bone altar of Kikubaaqudgha.
   747 | D        | Noticed a rust devil
   748 | D        | Reached skill level 5 in Fighting
   801 | D        | Found a glowing silver altar of Zin.
   802 | D        | Found a glowing golden altar of the Shining One.
   802 | D        | Found a white marble altar of Elyvilon.
   802 | D        | Noticed a deep elf mage
   808 | D        | Killed a deep elf mage
   808 | D        | Reached * piety under Wu Jian
   808 | D        | Reached skill level 5 in Throwing
   808 | D        | Reached skill level 5 in Stealth
   808 | D        | Reached XP level 7. HP: 57/57 MP: 7/7
   866 | D        | Found a basalt altar of Yredelemnul.
   866 | D        | Found a shadowy altar of Dithmenos.
   866 | D        | Found a sacrificial altar of Ru.
   893 | D        | Noticed a shadow
   900 | D        | Killed a shadow
   900 | D        | Reached ** piety under Wu Jian
   900 | D        | Gained mutation: You have a somewhat thin skeletal structure. (Dex +2, Stealth) [demonic ancestry]
   900 | D        | Reached XP level 8. HP: 28/64 MP: 8/8
  1082 | D        | Found a blossoming altar of Fedhas.
  1082 | D        | Found a stormy altar of Qazlal.
  1083 | D        | Found a snail-covered altar of Cheibriados.
  1083 | D        | Found a burning altar of Makhleb.
  1083 | D        | Found a hazy altar of Hepliaklqana.
  1083 | D        | Found a shimmering altar of Xom.
  1083 | D        | Found an opulent altar of Gozag.
  1083 | D        | Found a sparkling altar of Nemelex Xobeh.
  1083 | D        | Found a corrupted altar of Lugonu.
  1083 | D        | Found a viscous altar of Jiyva.
  1110 | D        | Noticed Snorg
  1119 | D        | Slain by Snorg

Vault maps used:
D:        dungeon_sprint_mu

Skill      XL: |  1  2  3  4  5  6  7 |
---------------+----------------------+-----
Long Blades    | 3 4 5 6 7 8 |  8.4
Throwing       | 2 3 4 5 |  5.8
Armour         | 1 2 3 4 5 7 |  7.9
Dodging        | 3 4 5 6 7 8 |  8.4
Stealth        | 1 2 3 4 5 |  5.9
Fighting       | 3 4 5 6 |  6.3

Action                   |  1- 3 |  4- 6 |  7- 9 || total
-------------------------+-------+-------+-------++-------
Melee: Long sword        |    38 |    19 |    37 ||    94
       Headbutt          |     3 |     4 |    11 ||    18
Throw: Throwing net      |       |       |     1 ||     1
Invok: Whirlwind         |       |       |    12 ||    12
       Wall Jump         |       |       |     3 ||     3
  Use: Potion            |     3 |     1 |       ||     4
 Stab: Sleeping          |       |     1 |     4 ||     5
  Eat: Chunk             |       |       |     1 ||     1
Armor: Leather armour    |     3 |     1 |     3 ||     7
Dodge: Dodged            |    38 |    26 |    24 ||    88
       Rpst.: Long sword |    11 |     8 |     5 ||    24

Table legend:
 A = Spawn XP
 B = Non-spawn XP
 C = Spawn XP percentage of total XP
 D = Spawn monster count
 E = Non-spawn monster count
 F = Spawn count percentage of total count
 G = Total turns spent on level
                    A         B        C        D         E        F      G
               +---------+---------+-------+---------+---------+-------+---------
         Total |       0 |    1767 |   0.0 |       0 |      17 |   0.0 |  1119
               +---------+---------+-------+---------+---------+-------+---------
             D |       0 |    1767 |   0.0 |       0 |      17 |   0.0 |  1119
               +---------+---------+-------+---------+---------+-------+---------
